Map: Blueshift LE

Players

Serral - Winner!

  • Race: Terran Terran
  • League: Master
  • Spawn Location: 7:00

Haspe

  • Race: Terran Terran
  • League: Master
  • Spawn Location: 1:00

VOD

Have the link to the VOD?

Description

Time

  • Played on: Dec. 3, 2018, 12:29 p.m.
  • Length: 4:05
Show
View Real Time Build Order
Export as new Build Order

Serral Terran - Winner!

Build Orders: 1/1/1, Liberator Opening 

Get SALT Encoding   

  12  0:00  SCV  
  13  0:12  SCV  
  14  0:17  Supply Depot  
  14  0:24  SCV  
  14  0:27  Refinery  
  15  0:39  SCV  
  16  0:43  Barracks  
  16  0:51  SCV  
  17  1:03  SCV  
  18  1:15  SCV  
  19  1:29  Orbital Command  
  19  1:30  Marine  
  19  1:31  Factory  
  20  1:40  Supply Depot  
  20  1:48  Reaper  
  21  1:55  SCV  
  22  2:01  Refinery  
  22  2:07  SCV  
  23  2:15  Hellion  
  25  2:24  Marine  
  25  2:25  SCV, Starport  
  27  2:33  Supply Depot  
  27  2:37  SCV  
  27  2:41  Hellion  
  27  2:42  Marine  
  31  2:49  Liberator  
  31  2:55  SCV  
  32  2:59  Marine  
  32  3:03  Hellion  
  35  3:07  SCV  
  39  3:14  Supply Depot  
  39  3:31  Factory Tech Lab  
  39  3:33  Barracks Reactor  
  39  3:35  SCV  
  39  3:40  Command Center  
  39  3:47  SCV  
Show
View Real Time Build Order
Export as new Build Order

Haspe Terran 

Build Orders:  

Get SALT Encoding   

  12  0:00  SCV  
  13  0:13  Supply Depot  
  13  0:18  SCV  
  14  0:30  SCV  
  15  0:39  Barracks  
  15  0:45  Refinery  
  15  0:58  Barracks  
  15  1:02  SCV  
  16  1:10  Refinery  
  16  1:15  SCV  
  17  1:30  Reaper  
  18  1:35  Orbital Command  
  18  1:45  Reaper  
  19  1:52  Supply Depot  
  19  2:02  Reaper, SCV  
  21  2:17  Reaper  
  22  2:28  SCV  
  22  2:35  Reaper  
  22  2:36  Supply Depot  
  23  2:38  Factory  
  23  2:41  SCV  
  24  2:51  Reaper  
  24  2:53  SCV  
  25  3:07  Reaper  
  26  3:15  SCV  
  26  3:23  Reaper  
  26  3:27  SCV  
  26  3:30  Starport  
  26  3:31  Hellion  
  28  3:39  SCV  
  28  3:51  SCV  
Tags
 
Add a new tag
Caveats
  • Supply blocks, unpowered buildings, or Contaminate may cause inaccurate times.
  • Supply counts are checked every 10 seconds.